 Dungeon Crawl Stone Soup version 0.28.0-45-g0d030f2227 (webtiles) character file.

Game seed: 4983782687063404578

53 zeratav the Insei (level 3, -6/24 HPs)
             Began as an Octopode Transmuter on Apr 11, 2022.
             Mangled by a gnoll
             ... wielding a +0 spear
              (8 damage)
             ... on level 2 of the Dungeon.
             The game lasted 00:01:23 (1180 turns).

zeratav the Insei (Octopode Transmuter)             Turns: 1180, Time: 00:01:23

Health: -6/24      AC:  1    Str:  9    XL:     3   Next: 89%
Magic:  6/6        EV: 13    Int: 15    God:
Gold:   40         SH:  0    Dex: 14    Spells: 5/6 levels left

rFire   . . .      SeeInvis .   f - +2 short sword (drain) {short}
rCold   . . .      Faith    .   (no shield)
rNeg    . . .      Spirit   .   (helmet restricted)
rPois   .          Reflect  .   (no amulet)
rElec   .          Harm     .   (no ring)
rCorr   .          Rampage  .   (no ring)
Will    .....                   (no ring)
Stlth   +++.......              (no ring)
HPRegen 0.08/turn               (no ring)
MPRegen 0.10/turn               (no ring)
                                (no ring)
                                (no ring)

@: no status effects
A: almost no armour, amphibious, 8 rings, camouflage 1, gelatinous body 1,
(nimble swimmer 1), tentacles
a: no special abilities


You were on level 2 of the Dungeon.
You visited 1 branch of the dungeon, and saw 2 of its levels.

You collected 40 gold pieces.


Innate Abilities, Weirdness & Mutations

You cannot wear most types of armour.
You are amphibious.
You can wear up to eight rings at the same time.
Your skin changes colour to match your surroundings (Stealth+).
Your rubbery body absorbs attacks. (AC +1, EV +1)
((You are camouflaged when in or above water. (Stealth+)))
You have tentacles for arms and can constrict up to eight enemies at once.


   Skills:
 + Level 1.7 Fighting
 + Level 2.5 Dodging
 + Level 1.9 Stealth
 * Level 3.7 Unarmed Combat
 - Level 2.0 Spellcasting
 - Level 2.0 Transmutations


You had 5 spell levels left.
You knew the following spells:

 Your Spells              Type           Power      Damage    Failure   Level
a - Beastly Appendage     Tmut           14%        N/A       10%         1

Your spell library contained the following spells:

 Spells                   Type           Power      Damage    Failure   Level
 Wereblood                Tmut           7%         N/A       14%         2
 Spider Form              Tmut/Pois      4%         N/A       41%         3
 Ice Form                 Ice/Tmut       4%         N/A       82%         4

Inventory:

Hand Weapons
 f - a +2 short sword of draining (weapon) {short}
   (You took it off a kobold on level 2 of the Dungeon)
Scrolls
 b - 3 scrolls of teleportation {unknown}
 c - 2 scrolls of enchant armour {unknown}
 e - a scroll of identify {unknown}
Potions
 a - a potion of magic {unknown}
 d - a potion of lignification {unknown}
 g - a potion of brilliance {unknown}

Dungeon Overview and Level Annotations

Branches:
Dungeon (2/15)

Altars:

###### #....#########
#....#.......#
#....#.......#
#....#.......#
##....#.......#
#.....#..<....#
###.....#.......###
##g@.........(.....#
#.S#.............#.#
...###g#######...........
#....J.# ##.........#
###..#)gg.# #.........#
#........# ##........#
#.#.......8##.......<.
.....#.....##........#
####..#8..J..########.#


You could see 2 gnolls, an adder (drained) and an endoplasm.


Message History

HP[+1]
Your hp is fully restored (23).
A gnoll comes into view. It is wielding a +0 whip.
You miscast Beastly Appendage.
You are very lightly contaminated with residual magic.
Nothing appears to happen.
The gnoll shouts!
You hear a shout! x2
A gnoll comes into view. It is wielding a +0 spear.
MP[-1]
You lost 1 mp, and now have 5/6 mp.
A gnoll comes into view. It is wielding a +0 club.
An adder comes into view.
A gnoll comes into view. It is wielding a +0 spear.
An endoplasm comes into view.
The gnoll shouts! x2
The endoplasm quivers.
You hit the gnoll. You grab the gnoll. You constrict the gnoll.
The gnoll closely misses you. The adder bites you.
You are poisoned.
The adder poisons you!
HP[-2]
You take 2 damage, and now have 21/23 hp.
You hit the gnoll. You constrict the gnoll.
You feel sick. The gnoll barely misses you. The adder bites you.
HP[-3]
You take 3 damage, and now have 18/23 hp.
You hit the gnoll.
You squeeze the gnoll, but do no damage.
You constrict the gnoll.
You feel sick. The adder barely misses you. The gnoll barely misses you.
The adder misses you.
HP[-1]
You take 1 damage, and now have 17/23 hp.
You hit the gnoll but do no damage.
You squeeze the gnoll, but do no damage.
You constrict the gnoll.
You kill the gnoll!
You feel sick. The gnoll misses you.
An endoplasm comes into view.
The adder misses you.
Your magical contamination has completely faded away.
You now have 24 max hp (+1).
The endoplasm quivers.
You hit the adder but do no damage. You drain the adder. You grab the adder.
You constrict the adder.
You feel sick.
The gnoll hits you from afar with a +0 spear!
* * * LOW HITPOINT WARNING * * *
The adder bites you but does no damage.
The gnoll hits you from afar with a +0 spear.
* * * LOW HITPOINT WARNING * * *
You are too injured to fight recklessly!
You are too injured to fight recklessly!
You are too injured to fight recklessly!
You are too injured to fight recklessly!
HP[-9]
You take 9 damage, and now have 8/24 hp.
MASSIVE DAMAGE!! (PAUSE)
You are too injured to fight recklessly!
You are too injured to fight recklessly!
You are too injured to fight recklessly!
You are too injured to fight recklessly!
You are too injured to fight recklessly!
You are too injured to fight recklessly!
You are too injured to fight recklessly!
You are too injured to fight recklessly!
You release your grip on the adder.
You feel sick. The endoplasm freezes you.
You are frozen.
* * * LOW HITPOINT WARNING * * *
The adder bites you.
* * * LOW HITPOINT WARNING * * *
The gnoll hits you from afar with a +0 spear.
* * * LOW HITPOINT WARNING * * *
HP[-5]
You take 5 damage, and now have 3/24 hp.
MASSIVE DAMAGE!! (PAUSE)
You feel sick.
You are no longer poisoned.
The endoplasm misses you.
HP[-1] MP[+1]
You take 1 damage, and now have 2/24 hp.
Your mp is fully restored (6).
You hit the endoplasm. You squeeze the endoplasm.
You kill the endoplasm!
The adder bites you but does no damage.
HP[+1]
You miss the adder. Your grab misses the adder. The adder bites you.
* * * LOW HITPOINT WARNING * * *
HP[-1]
You take 1 damage, and now have 2/24 hp.
You barely miss the adder. Your grab misses the adder.
The adder barely misses you. The adder completely misses you.
You closely miss the adder. Your grab misses the adder.
The adder closely misses you.
You hit the adder. Your grab misses the adder.
You squeeze the adder, but do no damage.
The adder closely misses you. The adder bites you but does no damage.
You hit the adder. You grab the adder.
You constrict the adder, but do no damage.
The gnoll hits you from afar with a +0 spear!
You die...

Skill      XL: |  1  2 |
---------------+-------+-----
Stealth        | 1 |  1.9
Fighting       | |  1.7
Dodging        | |  2.5
Unarmed Combat | |  3.7
Spellcasting   | |  2.0
Transmutations | |  2.0

Action                   || total
-------------------------++-------
Melee: Unarmed           ||    67
       Constrict         ||    25
       Tentacles         ||    14
       Kick              ||    10
       Punch             ||     1
       Short sword       ||    11
 Cast: Beastly Appendage ||    13
 Stab: Sleeping          ||     5
Armor: Skin              ||     4
Dodge: Dodged            ||    51

Levels and vault maps discovered:
D:1:      wander_arrival_abandoned_jail, layout_rooms
D:2:      layout_rooms, serial_corexii_hall, chequers_hall_statues_corner_a,
          corexii_hall_statues_s, corexii_hall_statues_x,
          chequers_hall_statues_y, corexii_item_surrounded_by_moat

Notes
Turn   | Place    | Note
-------+----------+-------------------------------------------
     0 | D:1      | zeratav the Octopode Transmuter began the quest for the
                  | Orb.
     0 | D:1      | Reached XP level 1. HP: 13/13 MP: 3/3
     0 | D:1      | magus.rc [v1.9.6]
   263 | D:1      | Reached XP level 2. HP: 18/18 MP: 3/5
   273 | D:1      | Reached skill level 1 in Stealth
   449 | D:1      | Reached XP level 3. HP: 17/23 MP: 4/6
  1172 | D:2      | HP: 6/24 [frozen (1)]
  1173 | D:2      | HP: 2/24 [poisoned by an adder]
  1180 | D:2      | Mangled by a gnoll

Vanquished Creatures
  A gnoll (D:2)
  A dart slug (D:1)
  2 ball pythons
  3 endoplasms
  3 giant cockroaches (D:1)
  5 goblins (D:1)
  4 hobgoblins (D:1)
  3 jackals (D:1)
  4 kobolds
  3 quokkas (D:1)
  2 bats
  A frilled lizard (D:1)
  4 rats (D:1)
36 creatures vanquished.

Table legend:
 A = Non-vault XP
 B = Vault XP
 C = Vault XP percentage of total XP
 D = Non-vault monster count
 E = Vault monster count
 F = Vault count percentage of total count
                 A         B        C        D         E       F
            +---------+---------+-------+---------+---------+-------
      Total |      77 |       0 |   0.0 |      36 |       0 |   0.0
            +---------+---------+-------+---------+---------+-------
        D:1 |      57 |       0 |   0.0 |      31 |       0 |   0.0
        D:2 |      20 |       0 |   0.0 |       5 |       0 |   0.0
            +---------+---------+-------+---------+---------+-------

Illustrated notes

Table legend:
 A = Kills in this place as a percentage of kills in entire the game.
 B = Kills by you in this place as a percentage of kills by you in the entire game.
 C = Kills by friends in this place as a percentage of kills by friends in the entire game.
 D = Other kills in this place as a percentage of other kills in the entire game.
 E = Experience gained in this place as a percentage of experience gained in the entire game.
 F = Experience gained in this place divided by the number of levels of this place that you have seen.
                   A       B       C       D       E      F
               +-------+-------+-------+-------+-------+----------------------
         Total | 100.0 | 100.0 |   N/A |   N/A | 100.0 |  38.5
       Dungeon | 100.0 | 100.0 |   N/A |   N/A | 100.0 |  38.5
               +-------+-------+-------+-------+-------+----------------------

Table legend: (Time is in decaauts)
 A = Elapsed time spent in this place.
 B = Non-inter-level travel time spent in this place.
 C = Inter-level travel time spent in this place.
 D = Time resting spent in this place.
 E = Time spent auto-exploring this place.
 F = Levels seen in this place.
 G = Mean time per level.
                   A        B        C        D        E       F      G
               +--------+--------+--------+--------+--------+-----+--------+
         Total |   1175 |   1153 |     22 |    212 |    730 |   2 |  587.5 |
       Dungeon |   1175 |   1153 |     22 |    212 |    730 |   2 |  587.5 |
               +--------+--------+--------+--------+--------+-----+--------+

Top non-repeatable levels by time:
     D:1: 1104 daAuts
     D:2: 71 daAuts
